 Dungeon Crawl Stone Soup version 0.25-a0-1073-gf4359a17dd (webtiles) character file.

Game seed: 13538487677869371505, levelgen mode: deterministic

303586 Flugslaktarn the Severer (level 21, -15/123 HPs)
             Began as a Vine Stalker Fighter on May 14, 2020.
             Was an Initiate of Gozag.
             Hit by a large rock thrown by a stone giant (31 damage)
             ... on level 5 of the Vaults.
             The game lasted 00:22:42 (28844 turns).

Flugslaktarn the Severer (Vine Stalker Fighter)    Turns: 28844, Time: 00:22:43

Health: -15/123    AC: 28    Str: 24    XL:     21   Next: 9%
Magic:  0/44       EV: 16    Int:  8    God:    Gozag
Gold:   17480      SH: 20    Dex: 23    Spells: 20/20 levels left

rFire    . . .     SeeInvis +   I - +6 broad axe "Cishoj Sid" {vorpal, rElec MP+9 Dex+4}
rCold    . . .     Gourm    .   c - +0 kite shield
rNeg     . . .     Faith    .   i - +2 plate armour "Oxkul" {rElec MP+9}
rPois    .         Spirit   +   U - +0 mask of the Dragon {MR+ Slay+3 SInv}
rElec    +         Reflect  +   (no cloak)
rCorr    .         Harm     .   y - +2 pair of gloves
MR       +++..                  F - +2 pair of boots
Stlth    ..........             A - amulet of reflection
HPRegen  1.10/turn              j - +4 ring of slaying
MPRegen  0.29/turn              p - +4 ring of protection

@: gold aura, very slightly contaminated, hasted, very quick
A: fangs 3, blink, sense surroundings 1, regeneration 2, magic shield, antimagic
bite, no potion heal 3, rot immunity, sturdy frame 1
}: 2/15 runes: barnacled, gossamer
a: Blink, Potion Petition, Call Merchant, Bribe Branch, Renounce Religion


You were on level 5 of the Vaults.
You worshipped Gozag.
Gozag was extremely pleased with you.
You were not hungry.

You visited 8 branches of the dungeon, and saw 38 of its levels.
You visited 1 bazaar.

You collected 21629 gold pieces.
You spent 3386 gold pieces at shops.
You paid 763 gold pieces to Gozag.

Inventory:

Hand Weapons
 I - the +6 broad axe "Cishoj Sid" (weapon) {vorpal, rElec MP+9 Dex+4}
   (You bought it in a shop on level 2 of the Orcish Mines)

   It inflicts extra damage upon your enemies.
   It affects your dexterity (+4).
   It insulates you from electricity.
   It affects your magic capacity (+9).
 Y - a +0 broad axe of flaming
   (You took it off Asterion on level 4 of the Spider Nest)
Missiles
 b - a throwing net (quivered)
Armour
 c - a +0 kite shield (worn)
 i - the +2 plate armour "Oxkul" (worn) {rElec MP+9}
   (You found it on level 1 of the Lair of Beasts)

   It insulates you from electricity.
   It affects your magic capacity (+9).
 y - a +2 pair of gloves (worn)
   (You found it on level 4 of the Dungeon)
 F - a +2 pair of boots (worn)
   (You found it on level 2 of the Lair of Beasts)
 L - a +2 helmet
   (You found it on level 3 of the Lair of Beasts)
 U - the +0 mask of the Dragon (worn) {MR+ Slay+3 SInv}
   (You bought it in a shop on level 2 of the Orcish Mines)

   It affects your accuracy and damage with ranged weapons and melee attacks
   (+3).
   It affects your resistance to hostile enchantments.
   It lets you see invisible.
Jewellery
 j - a +4 ring of slaying (left hand)
   (You found it on level 4 of the Dungeon)
 k - an uncursed ring of resist corrosion
   (You found it on level 11 of the Dungeon)
 m - an uncursed ring of protection from magic
   (You found it on level 4 of the Lair of Beasts)
 p - a +4 ring of protection (right hand)
   (You found it on level 5 of the Vaults)
 A - an amulet of reflection (around neck)
   (You took it off a crimson imp on level 5 of the Dungeon)
Wands
 o - a wand of clouds (5)
   (You found it on level 4 of the Dungeon)
 B - a wand of paralysis (73)
   (You found it on level 5 of the Dungeon)
 E - a wand of acid (15)
   (You found it on level 15 of the Dungeon)
 J - a wand of iceblast (30)
   (You found it on level 5 of the Dungeon)
 P - a wand of enslavement (12)
   (You found it on level 8 of the Dungeon)
 Q - a wand of digging (10)
   (You found it on level 2 of the Lair of Beasts)
Scrolls
 r - 11 scrolls of identify
 t - 3 scrolls of teleportation
 x - 6 scrolls of remove curse
 C - 3 scrolls of fog
 H - a scroll of silence
 K - 5 scrolls of magic mapping
 M - 5 scrolls of enchant weapon
 N - 3 scrolls of immolation
 O - 2 scrolls of enchant armour
 S - 3 scrolls of holy word
 T - a scroll of summoning
 W - 4 scrolls of vulnerability
Potions
 a - 5 potions of ambrosia
 d - 8 potions of might
 f - a potion of cancellation
 g - 3 potions of berserk rage
 h - 6 potions of haste
 l - 6 potions of invisibility
 n - 4 potions of resistance
 q - 5 potions of curing
 s - 4 potions of lignification
 u - 4 potions of magic
 w - 5 potions of stabbing
 G - 4 potions of flight
Miscellaneous
 R - a tin of tremorstones (3/3)
   (You bought it in a shop in a bazaar)
Comestibles
 e - 36 rations


   Skills:
 + Level 17.7 Fighting
 - Level 18.0 Axes
 - Level 11.0 Armour
 - Level 11.0 Dodging
 - Level 15.0 Shields
 - Level 6.0 Evocations


You had 20 spell levels left.
You didn't know any spells.
Your spell library was empty.

Dungeon Overview and Level Annotations

Branches:
Dungeon (15/15)            Temple (1/1) D:4            Lair (6/6) D:9
 Shoals (4/4) Lair:2       Spider (4/4) Lair:2        Slime (1/5) Lair:5
    Orc (2/2) D:10            Elf (0/3) Orc:2        Vaults (5/5) D:13
  Crypt (0/3) Vaults:2     Depths (0/5) D:15

Altars:
Ashenzari
Dithmenos
Elyvilon
Gozag
Kikubaaqudgha
Makhleb
Nemelex Xobeh
Okawaru
Qazlal
Trog
Vehumet
Wu Jian
Xom
Yredelemnul
Zin
The Shining One
Beogh

Shops:
D:6 (   D:15 (   Orc:2 =(:[*   Vaults:2 %

Portals:
Trove: D:11 (give 5 scrolls of blinking)

Annotations:
Lair:1 3 runed translucent doors, Gohezaip's ghost, journeyman MiFi
Shoals:4 3 runed translucent doors, exclusion: obsidian statue, Zorot's ghost, adept DEVM
Spider:4 Roxanne


Innate Abilities, Weirdness & Mutations

You have razor-sharp teeth.
You heal very quickly.
When hurt, damage is shared between your health and your magic reserves.
Your bite disrupts and absorbs the magic of your enemies.
Potions cannot restore your health.
You are immune to rotting.
You can translocate small distances at will.
You passively map a small area around you.
Your movements are slightly less encumbered by armour. (ER -2)


Message History

The deep elf mage is no longer distracted by gold.
You block the war gargoyle's attack.
The vault sentinel becomes distracted by the nearby gold, dreaming of imaginary riches.
The tengu reaver becomes distracted by the nearby gold, dreaming of imaginary riches.
The tengu reaver shouts!
The vault sentinel shouts!
You slash the war gargoyle! Your bite misses the war gargoyle.
The war gargoyle is almost destroyed.
You hit the vault warden but do no damage.
You slice the wolf spider!!
You kill the wolf spider!
Your surroundings suddenly seem different.
An ironheart preserver comes into view. It is wielding a +0 flail.
The ironheart preserver shouts!
You hear two shouts!
A +1 long sword of protection comes into view.
A tentacled monstrosity comes into view.
The ancient lich becomes distracted by your gold, dreaming of imaginary riches.
The vault guard becomes distracted by the nearby gold, dreaming of imaginary riches.
The stone giant throws a large rock.
The large rock hits you!!!
You die...
Your body crumbles into a pile of gold.

..#....##e2..
* ..#....#
..'## ,
,#....# ,#$.
# ,#..H.# .#,
,.# ,,
#....#,, ,
##' , . , ,
#....# ,
..,,.#** ,
,#....#
'##+##'##'# *
*
(C........##
, , , #'@...#
' ,
,#}(#.pL.# $
, $ , ,#$
#X...#,, $
.'* '....'. '
..,
,....###.. *
'# ' #'##'# #
,, ,,.. p# ,
#' .. ** , *
,


You could see a tentacled monstrosity, an ironheart preserver, an ancient lich
(unaware), a stone giant, a vault guard (unaware) and a +1 long sword of
protection.

Vanquished Creatures
  Xtahua (Vaults:3)
  Margery (Vaults:3)
  Arachne (Spider:4)
  A lich (Vaults:3)
  Jorgrun (Orc:2)
  A tentacled monstrosity (Vaults:5)
  Asterion (Spider:4)
  2 acid blobs (Slime:1)
  A sphinx (Vaults:3)
  A shadow dragon (Vaults:5)
  Gastronok (D:10)
  2 storm dragons
  3 tengu reavers
  An iron dragon (Vaults:5)
  3 frost giants
  14 vault wardens
  An azure jelly (Slime:1)
  4 ghost moths (Spider:4)
  3 emperor scorpions (Spider:4)
  2 deep elf elementalists (Vaults:5)
  2 orc warlords
  11 ironheart preservers
  4 very ugly things (Vaults:5)
  7 stone giants
  3 entropy weavers
  A deep elf demonologist (Vaults:5)
  A vampire knight (Vaults:2)
  4 spark wasps (Spider:4)
  4 merfolk javelineers (Shoals:4)
  4 ettins
  3 fire dragons
  7 merfolk impalers
  4 yaktaur captains
  A great orb of eyes (Vaults:4)
  19 vault guards
  3 ice dragons
  3 hydras
  A death knight (Vaults:2)
  A merfolk aquamancer (Shoals:4)
  15 ogre magi
  4 merfolk avatars (Shoals:4)
  2 centaur warriors
  4 satyrs
  An alligator (shapeshifter) (Vaults:5)
  6 death yaks (Lair:6)
  55 two-headed ogres
  2 deep troll shamans
  Urug (D:11)
  5 orc high priests
  Nergalle (Lair:4)
  A tengu warrior (D:11)
  2 deep elf knights (Vaults:3)
  Sonja (Lair:2)
  A hell knight (Vaults:3)
  A skeletal warrior (Vaults:2)
  7 sea snakes (Shoals:4)
  2 flayed ghosts
  8 deep trolls
  3 wizards
  2 deep elf archers
  8 ironbrand convokers
  3 phantasmal warriors
  An orange crystal statue (D:11)
  A lindwurm (Lair:4)
  2 harpies (Shoals:4)
  12 orc knights
  A harpy (shapeshifter) (Vaults:2)
  5 necromancers
  17 manticores
  4 orc sorcerers
  12 cyclopes
  A stone giant zombie (Vaults:2)
  5 deep elf magi
  2 orb spiders (Spider:4)
  22 ugly things
  11 wolf spiders
  2 fauns (Shoals:3)
  5 merfolk sirens
  Joseph (D:10)
  7 vault sentinels
  4 elephants (Lair:5)
  4 water nymphs (Shoals:4)
  21 spiny frogs
  A spiny frog (shapeshifter) (D:13)
  5 black mambas
  4 centaur skeletons
  A gargoyle (D:15)
  2 kobold demonologists (D:12)
  3 demonic crawlers
  6 komodo dragons
  A rime drake (Lair:3)
  A tengu conjurer (D:15)
  An efreet (D:14)
  5 freezing wraiths
  26 yaktaurs
  24 merfolk
  6 trolls
  19 jumping spiders
  5 tyrant leeches (Lair:6)
  A tengu simulacrum (Vaults:2)
  A polar bear (Lair:4)
  Grinder (D:5)
  8 hornets
  4 wind drakes
  2 dream sheep (Shoals:3)
  A sphinx simulacrum (Vaults:2)
  12 hippogriffs
  A hippogriff (shapeshifter) (Vaults:3)
  23 blink frogs
  23 slime creatures
  4 snapping turtles
  50 redbacks
  13 tarantellas
  3 vampires (Vaults:2)
  A yak (shapeshifter) (Vaults:4)
  2 spriggans (shapeshifter)
  A tarantella (shapeshifter) (Vaults:5)
  2 wyverns (D:13)
  3 water elementals
  32 yaks
  2 hungry ghosts
  2 wraiths
  2 steam dragons
  8 vampire mosquitoes
  2 basilisks
  5 wargs
  Menkaure (D:6)
  An acid dragon (D:14)
  A deep troll zombie (Vaults:2)
  10 water moccasins
  5 sky beasts
  A meliai simulacrum (D:15)
  6 porcupines
  A swamp drake (D:10)
  49 orc warriors
  An ettin simulacrum (Vaults:2)
  5 ice beasts
  An eye of draining (Slime:1)
  3 black bears
  A necrophage (D:13)
  15 wolves
  7 centaurs
  2 phantoms
  39 ogres
  An elf skeleton (Vaults:2)
  4 big kobolds
  12 crocodiles
  24 bullfrogs
  A gnoll sergeant (D:8)
  A wyvern zombie (D:9)
  A human skeleton (Vaults:2)
  6 scorpions
  15 killer bees
  3 howler monkeys
  16 wights
  2 electric eels (Lair:3)
  2 bullfrog zombies
  4 centaur zombies
  4 crimson imps
  8 hounds
  2 human simulacra (Vaults:2)
  14 jellies
  A bullfrog skeleton (D:10)
  26 orc priests
  5 iguanas
  Natasha (D:3)
  12 worker ants
  37 orc wizards
  A hound zombie (D:3)
  A hound skeleton (D:11)
  A howler monkey zombie (D:7)
  4 worker ant zombies
  2 howler monkey skeletons
  4 gnolls
  11 adders
  4 shadow imps
  An adder zombie (D:6)
  3 worms
  A dart slug (D:2)
  5 leopard geckos
  125 orcs
  A ball python (D:3)
  7 bats
  6 giant cockroaches
  7 hobgoblins
  12 jackals
  4 quokkas
  3 frilled lizards
  8 goblins
  20 kobolds
  13 rats
  2 fungi
  16 plants
1335 creatures vanquished.

Vanquished Creatures (others)
  A merfolk impaler (Shoals:4)
  2 dancing weapons (D:13)
  An unseen horror (Vaults:1)
  An orc wizard (D:10)
  An orc (Orc:2)
  10 fungi (Lair:6)
  28 plants
44 creatures vanquished.

Grand Total: 1379 creatures vanquished

Notes
Turn   | Place    | Note
-------+----------+-------------------------------------------
     0 | D:1      | Flugslaktarn the Vine Stalker Fighter began the quest for
                  | the Orb.
     0 | D:1      | Reached XP level 1. HP: 11/11 MP: 2/2
   151 | D:1      | Reached skill level 2 in Axes
   300 | D:1      | Reached XP level 2. HP: 16/16 MP: 3/3
   949 | D:2      | Reached XP level 3. HP: 16/19 MP: 4/4
  1918 | D:3      | Gained mutation: Your natural rate of healing is unusually
                  | fast. [Vine Stalker growth]
  1918 | D:3      | Reached XP level 4. HP: 24/24 MP: 3/5
  1978 | D:3      | Reached skill level 1 in Dodging
  2274 | D:3      | Reached XP level 5. HP: 28/28 MP: 4/6
  2370 | D:3      | Noticed Natasha
  2385 | D:3      | Killed Natasha
  2385 | D:3      | Reached skill level 3 in Axes
  2687 | D:4      | Found a staircase to the Ecumenical Temple.
  2704 | Temple   | Entered the Ecumenical Temple
  2768 | Temple   | Became a worshipper of Gozag Ym Sagoz the Greedy
  3546 | D:5      | Entered Level 5 of the Dungeon
  3606 | D:5      | Noticed a phantom
  3619 | D:5      | Killed a phantom
  3619 | D:5      | Reached XP level 6. HP: 29/32 MP: 7/7
  3638 | D:5      | Noticed Grinder
  3638 | D:5      | Paralysed by Grinder for 7 turns
  3654 | D:5      | Paralysed by Grinder for 4 turns
  3666 | D:5      | Killed Grinder
  3666 | D:5      | Reached skill level 4 in Axes
  3666 | D:5      | Reached XP level 7. HP: 37/37 MP: 8/8
  4180 | D:5      | Gained mutation: You have razor-sharp teeth. [Vine Stalker
                  | growth]
  4180 | D:5      | Reached XP level 8. HP: 34/42 MP: 9/9
  4254 | D:5      | Reached skill level 5 in Axes
  4341 | D:6      | Found Ukogem's Weapon Shoppe.
  4349 | D:6      | Bought a +2 war axe of flaming for 256 gold pieces
  4454 | D:6      | Noticed Menkaure
  4459 | D:6      | Killed Menkaure
  5180 | D:7      | Reached skill level 6 in Axes
  5183 | D:7      | Reached skill level 5 in Fighting
  5233 | D:7      | Reached XP level 9. HP: 47/47 MP: 10/10
  5257 | D:7      | Reached skill level 5 in Shields
  5611 | D:7      | Found a white marble altar of Elyvilon.
  5855 | D:7      | Found a stormy altar of Qazlal.
  5866 | D:7      | Reached skill level 7 in Axes
  6185 | D:8      | Reached skill level 5 in Armour
  6359 | D:8      | Reached XP level 10. HP: 22/53 MP: 5/11
  6472 | D:8      | Reached skill level 8 in Axes
  7321 | D:9      | Noticed a two-headed ogre
  7328 | D:9      | Killed a two-headed ogre
  7435 | D:9      | Reached skill level 9 in Axes
  7456 | D:9      | Found a staircase to the Lair.
  7600 | D:10     | Entered Level 10 of the Dungeon
  7616 | D:10     | Noticed Joseph
  7627 | D:10     | Killed Joseph
  7641 | D:10     | Reached XP level 11. HP: 40/58 MP: 12/12
  7989 | D:10     | Found a staircase to the Orcish Mines.
  7994 | D:10     | Noticed a two-headed ogre
  8006 | D:10     | Killed a two-headed ogre
  8251 | D:10     | Noticed Gastronok
  8268 | D:10     | Killed Gastronok
  8268 | D:10     | Reached skill level 10 in Axes
  8560 | Lair:1   | Entered Level 1 of the Lair of Beasts
  8644 | Lair:1   | Got a shimmering plate armour
  8655 | Lair:1   | Identified the +2 plate armour "Oxkul" {rElec MP+9} (You
                  | found it on level 1 of the Lair of Beasts)
  8786 | Lair:1   | Found a runed translucent gate.
  8787 | Lair:1   | Found a runed translucent gate.
  8788 | Lair:1   | Found a runed translucent gate.
  8790 | Lair:1   | Noticed Gohezaip's ghost (journeyman MiFi)
  9509 | Lair:2   | Found a staircase to the Shoals.
  9533 | Lair:2   | Noticed Sonja
  9540 | Lair:2   | Killed Sonja
  9595 | Lair:2   | Gained mutation: You heal very quickly. [Vine Stalker
                  | growth]
  9595 | Lair:2   | Reached XP level 12. HP: 58/64 MP: 13/13
  9777 | Lair:2   | Found a hole to the Spider Nest.
 10345 | Lair:3   | Reached skill level 11 in Axes
 11597 | Lair:4   | Found an iron altar of Okawaru.
 11839 | Lair:4   | Noticed Nergalle
 11853 | Lair:4   | Killed Nergalle
 12048 | Lair:4   | Noticed an eight-headed hydra
 12055 | Lair:4   | Killed a five-headed hydra
 12291 | Lair:5   | Reached skill level 12 in Axes
 12313 | Lair:5   | Found a staircase to the Slime Pits.
 12602 | Lair:5   | Reached XP level 13. HP: 70/70 MP: 14/14
 13076 | Lair:6   | Entered Level 6 of the Lair of Beasts
 13390 | Lair:6   | Reached skill level 13 in Axes
 13671 | Lair:6   | Reached skill level 10 in Fighting
 13671 | Lair:6   | Reached skill level 10 in Shields
 14063 | Lair:6   | Reached XP level 14. HP: 73/77 MP: 15/15
 14170 | Lair:6   | Reached skill level 5 in Dodging
 14722 | Lair:6   | Gained mutation: You passively map a small area around you.
                  | [potion of mutation]
 14722 | Lair:6   | Gained mutation: You are frail. (-10% HP) [potion of
                  | mutation]
 14722 | Lair:6   | Gained mutation: Your flesh is cold resistant. (rC+)
                  | [potion of mutation]
 14722 | Lair:6   | Gained mutation: Your movements are slightly less
                  | encumbered by armour. (ER -2) [potion of mutation]
 14723 | Lair:6   | Lost mutation: You are frail. (-10% HP) [potion of
                  | mutation]
 14723 | Lair:6   | Lost mutation: Your flesh is cold resistant. (rC+) [potion
                  | of mutation]
 14723 | Lair:6   | Gained mutation: You can translocate small distances at
                  | will. [potion of mutation]
 15067 | D:11     | Noticed Urug
 15076 | D:11     | Killed Urug
 15362 | D:11     | Reached skill level 14 in Axes
 15530 | D:11     | Found a gateway to a bazaar.
 15546 | Bazaar   | Entered a bazaar
 15574 | Bazaar   | Found Sacif's Gadget Shop.
 15587 | Bazaar   | Found Quopodde's Jewellery Boutique.
 15587 | Bazaar   | Found Vewias's Assorted Antiques.
 15612 | Bazaar   | Found Izoisidihu's Weapon Shop.
 15651 | Bazaar   | Bought a +4 ring of evasion for 504 gold pieces
 15659 | Bazaar   | Bought a scroll of blinking for 135 gold pieces
 15659 | Bazaar   | Bought a tin of tremorstones (3/3) for 720 gold pieces
 15659 | Bazaar   | Bought a scroll labeled XYNYIRPHODUGH for 18 gold pieces
 15659 | Bazaar   | Bought a scroll of identify for 36 gold pieces
 15659 | Bazaar   | Bought a dark potion for 16 gold pieces
 15854 | D:11     | Found a portal to a secret trove of treasure.
 16022 | D:12     | Reached skill level 1 in Evocations
 16996 | D:13     | Found a gate to the Vaults.
 17004 | D:13     | Reached skill level 5 in Evocations
 18065 | D:15     | Entered Level 15 of the Dungeon
 18101 | D:15     | Reached XP level 15. HP: 80/81 MP: 20/20
 18280 | D:15     | Found a staircase to the Depths.
 18607 | D:15     | Found Yxu Ides's Weapon Shop.
 19186 | Orc:1    | Entered Level 1 of the Orcish Mines
 19225 | Orc:1    | Found a roughly hewn altar of Beogh.
 19305 | Orc:1    | Noticed an orc warlord
 19357 | Orc:1    | Killed an orc warlord
 19563 | Orc:2    | Entered Level 2 of the Orcish Mines
 19692 | Orc:2    | Noticed Jorgrun
 19711 | Orc:2    | Killed Jorgrun
 19953 | Orc:2    | Found Otistror's Jewellery Shop.
 20258 | Orc:2    | Reached skill level 15 in Axes
 20341 | Orc:2    | Noticed an orc warlord
 20369 | Orc:2    | Killed an orc warlord
 20522 | Orc:2    | Found a staircase to the Elven Halls.
 20593 | Orc:2    | Found Xauwe's General Store.
 20594 | Orc:2    | Found Wuysupsu's Book Shop.
 20595 | Orc:2    | Found Rod Unny's Antique Armour Shop.
 20595 | Orc:2    | Found Ywism's Antique Weapon Boutique.
 20600 | Orc:2    | Bought a dazzling broad axe for 261 gold pieces
 20600 | Orc:2    | Identified the +6 broad axe "Cishoj Sid" {vorpal, rElec
                  | MP+9 Dex+4} (You bought it in a shop on level 2 of the
                  | Orcish Mines)
 20612 | Orc:2    | Bought a scroll of blinking for 105 gold pieces
 20612 | Orc:2    | Bought a scroll of summoning for 133 gold pieces
 20622 | Orc:2    | Bought the +0 mask of the Dragon {MR+ Slay+3 SInv} for 1202
                  | gold pieces
 20622 | Orc:2    | Found the +0 mask of the Dragon {MR+ Slay+3 SInv}
 20864 | Spider:1 | Entered Level 1 of the Spider Nest
 21417 | Spider:3 | Reached XP level 16. HP: 88/88 MP: 21/21
 21456 | Spider:4 | Entered Level 4 of the Spider Nest
 21601 | Spider:4 | Noticed Asterion
 21621 | Spider:4 | Killed Asterion
 22047 | Spider:4 | Noticed Arachne
 22062 | Spider:4 | Killed Arachne
 22062 | Spider:4 | Reached skill level 16 in Axes
 22132 | Spider:4 | Noticed Roxanne
 22633 | Spider:4 | Got a gossamer rune of Zot
 22880 | Shoals:1 | Entered Level 1 of the Shoals
 23056 | Shoals:2 | Reached XP level 17. HP: 38/93 MP: 20/22
 23563 | Shoals:3 | Identified a scroll of acquirement
 23563 | Shoals:3 | Identified the ring "Ynwy" {*Slow AC+4 Dex+7} (You acquired
                  | it on level 3 of the Shoals)
 23563 | Shoals:3 | Identified the +5 broad axe "Tablad" {vorpal, Str+7} (You
                  | acquired it on level 3 of the Shoals)
 23573 | Shoals:4 | Entered Level 4 of the Shoals
 23808 | Shoals:4 | Found a runed translucent gate.
 23808 | Shoals:4 | Found a runed translucent gate.
 23808 | Shoals:4 | Found a runed translucent gate.
 23810 | Shoals:4 | Found an opulent altar of Gozag.
 23811 | Shoals:4 | Noticed Zorot's ghost (adept DEVM)
 24273 | Shoals:4 | Identified the +5 shadow dragon scales "Biolawid" {rF+
                  | Stlth++++}
 24422 | Shoals:4 | Reached skill level 17 in Axes
 24461 | Shoals:4 | Found Kohosyothry's Assorted Antiques.
 24630 | Shoals:4 | Got a barnacled rune of Zot
 25032 | Slime:1  | Entered Level 1 of the Pits of Slime
 25032 | Slime:1  | Noticed an acid blob
 25038 | Slime:1  | Killed an acid blob
 25062 | Slime:1  | Noticed an acid blob
 25071 | Slime:1  | Noticed an acid blob
 25075 | Slime:1  | Killed an acid blob
 25338 | Vaults:1 | Entered Level 1 of the Vaults
 25472 | Vaults:1 | Reached XP level 18. HP: 100/100 MP: 23/23
 26117 | Vaults:2 | Reached skill level 10 in Dodging
 26356 | Vaults:2 | Found a staircase to the Crypt.
 26521 | Vaults:2 | Reached skill level 18 in Axes
 26521 | Vaults:2 | Reached skill level 10 in Armour
 26703 | Vaults:2 | Found Kukkoej's Food Emporium.
 26703 | Vaults:2 | You fall into a shaft and drop 1 floor!
 26714 | Vaults:3 | Reached XP level 19. HP: 86/105 MP: 24/24
 26838 | Vaults:3 | Noticed Margery
 26850 | Vaults:3 | Killed Margery
 27474 | Vaults:3 | Noticed a lich
 27496 | Vaults:3 | Killed a lich
 27552 | Vaults:3 | Found a ruined gateway.
 27624 | Vaults:3 | Noticed Xtahua
 27638 | Vaults:3 | Killed Xtahua
 27836 | Vaults:4 | Reached XP level 20. HP: 110/112 MP: 25/25
 27936 | Vaults:4 | Reached skill level 15 in Fighting
 27945 | Vaults:4 | Reached skill level 15 in Shields
 27989 | Vaults:5 | Entered Level 5 of the Vaults
 28652 | Vaults:5 | Noticed a Tzitzimitl
 28807 | Vaults:5 | Identified the +4 shortbow "Nuexewki" {flame, Fragile rElec
                  | rF+ Dex+5}
 28815 | Vaults:5 | Reached XP level 21. HP: 98/122 MP: 26/26
 28844 | Vaults:5 | Hit by a large rock thrown by a stone giant

Illustrated notes

Levels and vault maps discovered:
D:1:      minmay_arrival_five_plusses, layout_basic
D:2:      layout_rooms
D:3:      minmay_diamond_boxcup, layout_basic, first_ration,
          kennysheep_crisscross, uniq_natasha
D:4:      layout_cave_pods, minmay_temple_entry_sparse_star, serial_forest,
          infiniplex_forest_clump_curved, infiniplex_forest_straight_3,
          infiniplex_forest_straight_3, infiniplex_forest_lined_3,
          infiniplex_forest_straight_1, infiniplex_forest_lined_room_,
          infiniplex_forest_clump_diagonal, infiniplex_forest_lined_room_3,
          infiniplex_forest_straight_4
D:5:      layout_rooms, uniq_grinder
D:6:      layout_gridville, serial_shops, shop, uniq_menkaure
D:7:      layout_loops_corners, elyvilon_altar_5,
          nicolae_qazlal_general_emergency
D:8:      layout_cave_pools, special_room [special_room_orc]
D:9:      layout_long_grid, lair_entry_dummy
D:10:     layout_cave_pools, erik_orc_1, uniq_joseph, uniq_gastronok
D:11:     layout_roguey, nicolae_trove_entry_crystal, serial_shops, statue_bzr,
          grunt_tengu_nest, minivault_16, uniq_urug
D:12:     layout_stronghold
D:13:     layout_cave_pools, erik_vaults_1
D:14:     layout_roguey, gauntlet_entry_generic, chequers_serial_rivers_small_b
D:15:     grunt_enter_depths_magical_seal, layout_basic, serial_shops,
          shop_statue
Temple:   compressed_dpeg_triangle_lava_temple
Lair:1:   layout_loops_ring, gammafunk_ghost_split, infiniplex_staircase_pool_2
Lair:2:   layout_regular_city, elwin_shoals_entry_rocks,
          nicolae_spider_entry_non_spiders, uniq_sonja
Lair:3:   layout_gridlike, serial_bayou_shore_a, infiniplex_staircase_pool,
          grunt_megastairs_3, serial_bayou_shore_b
Lair:4:   layout_regular_city, lemuel_centaur_altar, uniq_nergalle
Lair:5:   layout_loops_ring, minmay_slime_entry_jelly_boxes, st_stairs_10,
          grunt_megastairs_5
Lair:6:   minmay_lair_end_frog_pond, layout_hall_layers,
          chequers_serial_rivers_room_b
Shoals:1: layout_shoals, nicolae_shoals_water_shrine
Shoals:2: layout_shoals, st_cyclops
Shoals:3: layout_shoals
Shoals:4: shoals_end_simple, layout_shoals, ebering_ghost_gozag,
          nicolae_shoals_loop_pool
Spider:1: nicolae_spider_hall_of_the_moth_king,
          hangedman_spider_tarantella_strand
Spider:2: layout_spider_delve, nicolae_crawler_farm
Spider:3: layout_spider_delve
Spider:4: spider_rune_water, uniq_roxanne, uniq_asterion, uniq_arachne
Slime:1:  layout_caves
Orc:1:    layout_caves, basic_altar, uniq_snorg
Orc:2:    st_orc_congregation, layout_caves, minmay_shop_enchanted_jewellery,
          uniq_jorgrun
Vaults:1: v_misc_18, nicolae_vaults_shelves_hall, hangedman_vaults_capsules,
          nicolae_vaults_disjoint_gnomons, ontoclasm_vaults_spin,
          vaults_room_door_hall, ontoclasm_vaults_pinch, v_misc_3,
          vaults_room_fancy_cross, layout_vaults_quadrants
Vaults:2: vaults_room_large_hall, nicolae_vaults_border_crossing,
          minmay_crypt_entry_vampire_xt, nicolae_vaults_angled_halls,
          v_alt_pattern_1, nicolae_vaults_network_star, vaults_dpeg_ring,
          v_rooms_5, vaults_room_door_ring, layout_vaults_omnicross,
          serial_shops, shop
Vaults:3: nicolae_vaults_minivaults, v_misc_11, v_misc_15, v_misc_4,
          hangedman_vaults_stream, nicolae_vaults_little_squares_3,
          vaults_mumra_hex, nicolae_vaults_network_quincunx
          [nicolae_vaults_network_quincunx_subvault,
          nicolae_vaults_network_quincunx_subvault,
          nicolae_vaults_network_quincunx_subvault,
          nicolae_vaults_network_quincunx_subvault,
          nicolae_vaults_network_quincunx_subvault], dpeg_vaults_monster_row,
          nicolae_vaults_little_squares_6, nicolae_vaults_shelves_hall,
          layout_vaults_maze, portal_desolation_entry_ruin, uniq_sojobo,
          uniq_margery, uniq_xtahua
Vaults:4: v_misc_28, grunt_vaults_hallway_short,
          vaults_room_grunt_arrival_ludios, v_misc_26, vaults_room_pool,
          v_misc_3, nicolae_vaults_stairing_the_circle, v_misc_18,
          vaults_room_ringed_pool, layout_vaults_chaotic_city, serial_shops,
          shop, uniq_aizul
Vaults:5

Skill      XL: |  1  2  3  4  5  6  7  8  9 10 11 12 13 14 15 16 17 18 19 20 |
---------------+-------------------------------------------------------------+-----
Axes           | 2 3 4 6 7 9 10 12 13 14 15 16 17 18 | 18.0
Fighting       | 3 4 5 6 7 8 9 10 11 12 13 14 17 | 17.7
Shields        | 3 4 5 7 8 9 10 11 12 13 14 15 | 15.0
Dodging        | 1 2 3 4 5 7 8 9 10 11 | 11.0
Armour         | 3 4 5 6 7 8 9 10 11 | 11.0
Evocations     | 6 |  6.0

Action                   |  1- 3 |  4- 6 |  7- 9 | 10-12 | 13-15 | 16-18 | 19-21 || total
-------------------------+-------+-------+-------+-------+-------+-------+-------++-------
Melee: War axe           |   140 |   100 |   216 |   432 |  1026 |       |       ||  1914
       Bite              |    37 |    29 |    82 |   165 |   460 |   351 |   299 ||  1423
       Broad axe         |       |       |       |       |    61 |   804 |   573 ||  1438
Invok: Potion Petition   |       |       |       |       |       |     2 |     1 ||     3
 Abil: Blink             |       |       |       |       |     2 |       |       ||     2
Evoke: Tin of tremorston |       |       |       |       |       |     4 |       ||     4
       Wand              |       |       |       |       |       |     1 |       ||     1
  Use: Scroll            |       |    11 |       |    22 |     6 |     7 |     5 ||    51
       Potion            |       |       |       |       |     4 |     2 |     2 ||     8
 Stab: Distracted        |       |     1 |     1 |     3 |    12 |    15 |    10 ||    42
       Confused          |       |       |       |     1 |       |       |       ||     1
  Eat: Chunk             |     3 |     4 |       |       |       |       |       ||     7
       Ration            |       |     1 |     2 |     7 |     9 |     5 |     2 ||    26
Armor: Scale mail        |    26 |       |       |       |       |       |       ||    26
       Chain mail        |    54 |    50 |    41 |       |       |       |       ||   145
       Plate armour      |       |       |    47 |   150 |   299 |   219 |   112 ||   827
Dodge: Dodged            |    29 |    21 |    32 |    81 |   245 |   356 |   136 ||   900
Block: Kite shield       |    75 |    63 |   129 |   350 |   779 |   698 |   296 ||  2390
       Reflection        |       |       |     7 |    26 |    25 |    59 |    13 ||   130

Table legend:
 A = Non-vault XP
 B = Vault XP
 C = Vault XP percentage of total XP
 D = Non-vault monster count
 E = Vault monster count
 F = Vault count percentage of total count
                 A         B        C        D         E       F
            +---------+---------+-------+---------+---------+-------
      Total |  250266 |  251199 |  50.1 |     867 |     454 |  34.4
            +---------+---------+-------+---------+---------+-------
        D:1 |      31 |       0 |   0.0 |      19 |       0 |   0.0
        D:2 |      40 |       0 |   0.0 |      14 |       0 |   0.0
        D:3 |      99 |      44 |  30.8 |      25 |       6 |  19.4
        D:4 |      30 |       0 |   0.0 |       3 |       0 |   0.0
        D:5 |     734 |     277 |  27.4 |      22 |       1 |   4.3
        D:6 |     623 |     157 |  20.1 |      17 |       1 |   5.6
        D:7 |    1419 |       0 |   0.0 |      37 |       0 |   0.0
        D:8 |    1363 |     597 |  30.5 |      25 |      20 |  44.4
        D:9 |    2971 |       0 |   0.0 |      24 |       0 |   0.0
       D:10 |    2763 |    3109 |  52.9 |      34 |      19 |  35.8
       D:11 |    6742 |    2303 |  25.5 |      64 |       3 |   4.5
       D:12 |    4072 |       0 |   0.0 |      31 |       0 |   0.0
       D:13 |    6348 |    1808 |  22.2 |      39 |       2 |   4.9
       D:14 |    2437 |       0 |   0.0 |      10 |       0 |   0.0
       D:15 |   10499 |    4070 |  27.9 |      24 |       8 |  25.0
     Lair:1 |    2453 |       0 |   0.0 |       9 |       0 |   0.0
     Lair:2 |    1751 |     780 |  30.8 |      10 |       9 |  47.4
     Lair:3 |    3427 |     459 |  11.8 |      20 |       2 |   9.1
     Lair:4 |    5072 |    1271 |  20.0 |      19 |       5 |  20.8
     Lair:5 |    2733 |    2522 |  48.0 |      11 |      16 |  59.3
     Lair:6 |   14570 |   11971 |  45.1 |      43 |      46 |  51.7
   Shoals:1 |    1007 |       0 |   0.0 |       2 |       0 |   0.0
   Shoals:2 |    3362 |    5206 |  60.8 |       6 |       8 |  57.1
   Shoals:3 |    8875 |       0 |   0.0 |      21 |       0 |   0.0
   Shoals:4 |   14943 |   23182 |  60.8 |      32 |      34 |  51.5
   Spider:1 |     458 |       0 |   0.0 |       2 |       0 |   0.0
   Spider:2 |    2855 |       0 |   0.0 |      10 |       0 |   0.0
   Spider:3 |    6475 |       0 |   0.0 |      20 |       0 |   0.0
   Spider:4 |   14769 |   29878 |  66.9 |      45 |      40 |  47.1
    Slime:1 |    7497 |       0 |   0.0 |       7 |       0 |   0.0
      Orc:1 |    4872 |    1119 |  18.7 |      26 |       2 |   7.1
      Orc:2 |    1482 |   13139 |  89.9 |      22 |      66 |  75.0
   Vaults:1 |   26241 |   13083 |  33.3 |      47 |      20 |  29.9
   Vaults:2 |   39318 |   19591 |  33.3 |      62 |      34 |  35.4
   Vaults:3 |   16691 |   45412 |  73.1 |      21 |      48 |  69.6
   Vaults:4 |    1278 |   14444 |  91.9 |       3 |      20 |  87.0
   Vaults:5 |   29966 |   56777 |  65.5 |      41 |      44 |  51.8
            +---------+---------+-------+---------+---------+-------
